 Dungeon Crawl Stone Soup version 0.22.1-6-g1668fe2c40 (webtiles) character file.

11094 Kohma the Tainter (level 11, -24/106 HPs)
             Began as a Naga Venom Mage on Jan 26, 2019.
             Was the Champion of Cheibriados.
             Annihilated by a two-headed ogre
             ... wielding a +0 giant spiked club
              (26 damage)
             ... on level 2 of the Orcish Mines.
             The game lasted 01:25:09 (15058 turns).

Kohma the Tainter (Naga Venom Mage)                Turns: 15058, Time: 01:25:11

Health: -24/106    AC: 11    Str: 31 (32) XL:     11   Next: 72%
Magic:  1/17       EV: 16    Int: 36 (38) God:    Cheibriados [******]
Gold:   900        SH:  4    Dex: 35 (38) Spells: 2/18 levels left

rFire    + + .     SeeInvis +   a - +1 shortbow (freeze)
rCold    + + .     Gourm    .   (shield currently unavailable)
rNeg     + . .     Faith    .   D - +0 leather armour {rC+}
rPois    +         Spirit   .   p - +1 helmet "Letoesm" {rF+ Int+2}
rElec    +         Reflect  +   m - +2 cloak
rCorr    +         Harm     .   G - +0 pair of gloves
MR       +....                  (no barding)
Stlth    ++++......             s - +4 amulet of reflection
HPRegen  0.27/turn              Q - ring of Springtime {rElec rN+ Dex+5}
MPRegen  0.15/turn              (no ring)

@: mighty, brilliant, agile, resistant, very slow
A: large, see invisible, deformed body, poison resistance, slowness 2, slow
metabolism 1, spit poison 1, AC +3
a: Spit Poison, Bend Time, Temporal Distortion, Slouch, Step From Time, Renounce
Religion


You were on level 2 of the Orcish Mines.
You worshipped Cheibriados.
Cheibriados was exalted by your worship.
You were not hungry.

You visited 3 branches of the dungeon, and saw 13 of its levels.
You also visited: Ossuary.

You collected 900 gold pieces.

Inventory:

Hand Weapons
 a - a +1 shortbow of freezing (weapon)
 b - a +3 blowgun
 t - a +0 dagger of venom
 H - a +3 hunting sling of velocity
Missiles
 d - 155 arrows (quivered)
 g - 281 stones
 h - 55 bolts
 i - 85 poisoned needles
 u - 5 curare-tipped needles
Armour
 m - a +2 cloak (worn)
 p - the +1 helmet "Letoesm" (worn) {rF+ Int+2}
   (You took it off Robin on level 2 of the Dungeon)

   It affects your intelligence (+2).
   It protects you from fire.
 D - a +0 leather armour of cold resistance (worn)
 G - a +0 pair of gloves (worn)
Jewellery
 s - a +4 amulet of reflection (around neck)
 B - an uncursed ring of fire {unknown}
 Q - the ring of Springtime (left hand) {rElec rN+ Dex+5}
   (You found it on level 7 of the Dungeon)

   [ring of dexterity]

   It affects your dexterity (+5).
   It insulates you from electricity.
   It protects you from negative energy.
Wands
 n - a wand of disintegration (16)
 y - a wand of digging (11)
 z - a wand of polymorph (8)
 C - a wand of flame (18)
 W - a wand of paralysis (18)
Scrolls
 f - 6 scrolls of remove curse
 l - 4 scrolls of enchant armour
 q - a scroll of fog
 P - 2 scrolls of magic mapping
Potions
 j - 3 potions of flight
 k - 6 potions of curing
 o - 5 potions of mutation
 r - 6 potions of lignification
 x - 6 potions of might
 F - 3 potions of degeneration
 K - a potion of agility
Comestibles
 c - 7 rations


   Skills:
 + Level 9.0 Fighting
 - Level 0.8 Short Blades
 * Level 9.1 Bows
 - Level 0.7 Throwing
 - Level 1.5 Dodging
 - Level 3.0 Stealth
 - Level 4.0 Spellcasting
 - Level 2.0 Conjurations
 - Level 4.0 Translocations
 - Level 3.0 Air Magic
 - Level 10.0 Poison Magic
 - Level 8.0 Invocations
 - Level 0.5 Evocations


You had 2 spell levels left.
You knew the following spells:

 Your Spells              Type           Power        Failure   Level  Hunger
a - Venom Bolt            Conj/Pois      ######....   1%          5    #####..
b - Poisonous Vapours     Pois/Air       ######       1%          2    None
c - Mephitic Cloud        Conj/Pois/Air  ######..     1%          3    #......
d - Blink                 Tloc           N/A          1%          2    None
e - Olgreb's Toxic Radia  Pois           #######.     1%          4    ###....

Your spell library contained the following spells:

 Spells                   Type           Power        Failure   Level  Hunger
 Magic Dart               Conj           ####         1%          1    None
 Sting                    Conj/Pois      ####         1%          1    None
 Call Imp                 Summ           ####....     1%          2    None
 Slow                     Hex            ####....     1%          2    None
 Conjure Flame            Conj/Fire      #####...     1%          3    #......


Dungeon Overview and Level Annotations

Branches:
Dungeon (10/15)            Temple (1/1) D:4             Orc (2/2) D:9
   Lair: D:8-11         Elf: Orc:2

Altars:
Ashenzari
Cheibriados
Dithmenos
Elyvilon
Fedhas
Gozag
Hepliaklqana
Kikubaaqudgha
Makhleb
Nemelex Xobeh
Okawaru
Qazlal
Ru
Sif Muna
Trog
Uskayaw
Vehumet
Wu Jian
Xom
Yredelemnul
Zin
The Shining One

Shops:
D:4 %   D:9 ([   Orc:2 [?

Annotations:
Orc:1 Erolcha


Innate Abilities, Weirdness & Mutations

You cannot wear boots.
Your serpentine skin is tough. (AC +3)
You have supernaturally acute eyesight. (SInv)
Armour fits poorly on your strangely shaped body.
Your system is resistant to poisons. (rPois)
You cover ground very slowly.
You have a slow metabolism.
You can spit poison.


Message History

You block the orc's attack. The ogre completely misses you.
You block the ogre's attack.
You feel very mighty all of a sudden. The orc hits you but does no damage.
You block the ogre's attack.
You are too injured to fight recklessly!
Press: ? - help, Shift-Dir - straight line, f/p - ogre
Aim: an ogre, wielding a giant spiked club (lightly wounded)
The splash of poison hits the ogre.
The ogre is poisoned.
The ogre is heavily wounded.
You feel slightly more hungry. You block the ogre's attack.
The ogre barely misses you. The orc barely misses you.
The ogre barely misses you.
You have got your breath back.
The ogre hits you with a giant club. You block the ogre's attack.
The ogre barely misses you. The ogre hits you with a giant club!!
* * * LOW HITPOINT WARNING * * *
The ogre hits you with a giant spiked club!!
* * * LOW HITPOINT WARNING * * *
The two-headed ogre hits you with a giant spiked club!!
You die...

...............
.......o.......
.o............#
...........O.##
.........oO....
........oOo....
.......###OO###
......###.OOO##
...... #..OOO@#
...... #...oOO#
#....OOO.#
#........#
#..O.....#
#........#
#........#
....∩∩....


You could see 5 two-headed ogres, an orc warrior, 11 ogres and 4 orcs.

Vanquished Creatures
  A gargoyle (D:7)
  A kobold demonologist (D:8)
  4 trolls
  Grinder (D:5)
  9 yaks
  Sigmund (D:2)
  Grum (D:8)
  2 wargs (Orc:1)
  3 sky beasts
  Duvessa (D:4)
  5 ice beasts
  12 orc warriors
  3 phantoms
  2 black bears (D:6)
  A necrophage (D:9)
  4 wolves (D:8)
  6 ogres
  2 centaurs
  6 big kobolds
  5 bullfrogs
  Dowan (D:4)
  3 water moccasin zombies (Ossuary)
  A scorpion (D:9)
  8 killer bees
  6 wights
  6 electric eels (D:7)
  6 howler monkeys
  4 crimson imps
  A centaur zombie (D:7)
  2 jellies
  3 quasits
  2 bullfrog zombies
  13 orc wizards
  A centaur skeleton (D:6)
  6 orc priests
  3 bullfrog skeletons
  10 hounds
  A gnoll shaman (D:8)
  2 iguanas (D:6)
  Jessica (D:3)
  Crazy Yiuf (D:2)
  Ijyb (D:4)
  9 worker ants
  2 big kobold zombies (Ossuary)
  3 mummies
  A worker ant zombie (D:6)
  Robin (D:2)
  2 howler monkey skeletons
  13 adders
  16 gnolls
  3 shadow imps
  5 oozes
  5 adder zombies
  An adder skeleton (D:5)
  4 worms
  2 dart slugs (D:1)
  3 leopard geckos
  54 orcs
  A ball python (D:7)
  3 giant cockroaches
  6 gnoll zombies (Ossuary)
  17 goblins
  10 hobgoblins
  15 jackals
  4 quokkas
  7 bats
  4 frilled lizards
  4 hobgoblin zombies (Ossuary)
  20 kobolds
  8 kobold zombies (Ossuary)
  A leopard gecko skeleton (D:9)
  A leopard gecko zombie (D:5)
  5 orc zombies (Ossuary)
  A quokka skeleton (D:6)
  9 rats
392 creatures vanquished.

Vanquished Creatures (collateral kills)
  A hound (D:4)
1 creature vanquished.

Vanquished Creatures (others)
  A centaur (D:9)
  A hound (D:4)
  An orc (D:5)
  A kobold (D:7)
4 creatures vanquished.

Grand Total: 397 creatures vanquished

Notes
Turn   | Place    | Note
-------+----------+-------------------------------------------
     0 | D:1      | Kohma the Naga Venom Mage began the quest for the Orb.
     0 | D:1      | Reached XP level 1. HP: 15/15 MP: 3/3
   247 | D:1      | Reached XP level 2. HP: 16/22 MP: 0/5
   253 | D:1      | Learned a level 2 spell: Poisonous Vapours
   415 | D:1      | Reached skill level 5 in Poison Magic
  1083 | D:2      | Reached XP level 3. HP: 28/28 MP: 3/6
  1088 | D:2      | Learned a level 3 spell: Mephitic Cloud
  1088 | D:2      | Found a stormy altar of Qazlal.
  1484 | D:2      | Found a runed door.
  1875 | D:2      | Noticed Robin
  1922 | D:2      | Reached XP level 4. HP: 26/36 MP: 1/7
  2174 | D:2      | Killed Robin
  2174 | D:2      | Reached skill level 6 in Poison Magic
  2180 | D:2      | Got a transparent helmet
  2200 | D:2      | Identified the +1 helmet "Letoesm" {rF+ Int+2} (You took it
                  | off Robin on level 2 of the Dungeon)
  2377 | D:2      | Noticed Sigmund
  2391 | D:2      | Killed Sigmund
  2391 | D:2      | Reached skill level 8 in Poison Magic
  2391 | D:2      | Reached XP level 5. HP: 42/42 MP: 1/8
  2391 | D:2      | Reached XP level 6. HP: 49/49 MP: 1/9
  2565 | D:2      | Reached skill level 1 in Air Magic
  2930 | D:2      | Found an ancient bone altar of Kikubaaqudgha.
  2988 | D:2      | Noticed Crazy Yiuf
  2991 | D:2      | Killed Crazy Yiuf
  3270 | D:3      | Noticed Jessica
  3277 | D:3      | Killed Jessica
  3491 | D:3      | Reached skill level 1 in Fighting
  3874 | D:3      | Learned a level 2 spell: Blink
  3902 | D:3      | Found a basalt altar of Yredelemnul.
  4149 | D:4      | Reached XP level 7. HP: 57/57 MP: 4/10
  4300 | D:4      | Reached skill level 1 in Translocations
  4535 | D:4      | Found a shimmering altar of Xom.
  4545 | D:4      | Noticed Duvessa
  4546 | D:4      | Noticed Dowan
  4567 | D:4      | Killed Duvessa
  4571 | D:4      | Killed Dowan
  4712 | D:4      | Reached XP level 8. HP: 68/68 MP: 5/12
  4881 | D:4      | Found Howexkem's Food Boutique.
  5199 | D:4      | Found a staircase to the Ecumenical Temple.
  5208 | Temple   | Entered the Ecumenical Temple
  5250 | Temple   | Became a worshipper of Cheibriados the Contemplative
  5600 | D:4      | Noticed Ijyb
  5618 | D:4      | Killed Ijyb
  5762 | D:4      | Found a deep blue altar of Sif Muna.
  5886 | D:5      | Entered Level 5 of the Dungeon
  5997 | D:5      | Reached skill level 9 in Poison Magic
  6267 | D:5      | Reached * piety under Cheibriados
  6279 | D:5      | Noticed Grinder
  6288 | D:5      | Killed Grinder
  6288 | D:5      | Reached skill level 5 in Fighting
  6288 | D:5      | Reached XP level 9. HP: 66/81 MP: 15/15
  6294 | D:5      | Learned a level 4 spell: Olgreb's Toxic Radiance
  6698 | D:5      | Reached skill level 1 in Invocations
  7083 | D:5      | Reached skill level 10 in Poison Magic
  7268 | D:5      | Found an ornate altar of the Wu Jian Council.
  7414 | D:6      | Reached skill level 1 in Bows
  7637 | D:6      | Reached ** piety under Cheibriados
  8200 | D:6      | Reached *** piety under Cheibriados
  8452 | D:6      | Reached XP level 10. HP: 72/92 MP: 4/16
  9111 | D:7      | Found a sand-covered staircase.
  9126 | Ossuary  | Entered an ossuary
  9166 | Ossuary  | Reached skill level 5 in Bows
  9224 | Ossuary  | Reached **** piety under Cheibriados
  9485 | D:7      | Found a glowing silver altar of Zin.
  9485 | D:7      | Noticed an angel
  9567 | D:7      | Reached skill level 5 in Invocations
  9856 | D:7      | Reached ***** piety under Cheibriados
 10042 | D:7      | Found a hazy altar of Hepliaklqana.
 10237 | D:7      | Noticed a gargoyle
 10254 | D:7      | Killed a gargoyle
 10746 | D:7      | Got a vibrating marble ring
 11681 | D:8      | Identified the ring of Springtime {rElec rN+ Dex+5} (You
                  | found it on level 7 of the Dungeon)
 12104 | D:8      | Found a radiant altar of Vehumet.
 12112 | D:8      | Found a burning altar of Makhleb.
 12315 | D:8      | Noticed a kobold demonologist
 12321 | D:8      | Noticed Grum
 12344 | D:8      | Killed a kobold demonologist
 12344 | D:8      | Reached XP level 11. HP: 96/103 MP: 1/17
 12349 | D:8      | Killed Grum
 12678 | D:9      | Found Zoicriud's Armour Emporium.
 12678 | D:9      | Found a staircase to the Orcish Mines.
 12678 | D:9      | Found Otont's Weapon Emporium.
 13017 | D:9      | Reached ****** piety under Cheibriados
 13259 | D:9      | Learned a level 5 spell: Venom Bolt
 13305 | Orc:1    | Entered Level 1 of the Orcish Mines
 13655 | D:9      | Found a bloodstained altar of Trog.
 13721 | D:9      | Found a shadowy altar of Dithmenos.
 14019 | D:9      | Found an opulent altar of Gozag.
 14153 | D:10     | Entered Level 10 of the Dungeon
 14483 | Orc:2    | Entered Level 2 of the Orcish Mines
 15035 | Orc:1    | Noticed Erolcha
 15035 | Orc:1    | Noticed an orc warlord
 15036 | Orc:1    | Noticed an orc knight
 15046 | Orc:2    | Noticed a two-headed ogre
 15046 | Orc:2    | Noticed a two-headed ogre
 15047 | Orc:2    | Noticed a two-headed ogre
 15052 | Orc:2    | Found Ciesa Cisk's Magic Scroll Boutique.
 15052 | Orc:2    | Found Yluna's Antique Armour Shoppe.
 15052 | Orc:2    | Noticed a two-headed ogre
 15052 | Orc:2    | Noticed a two-headed ogre
 15058 | Orc:2    | HP: 2/106 [ogre/giant spiked club (25)]
 15058 | Orc:2    | Annihilated by a two-headed ogre

Skill      XL: |  1  2  3  4  5  6  7  8  9 10 11 |
---------------+----------------------------------+-----
Poison Magic   | 5 8 9 10 | 10.0
Air Magic      | 2 3 |  3.0
Conjurations   | 2 |  2.0
Fighting       | 1 2 5 6 7 9 |  9.0
Translocations | 3 4 |  4.0
Spellcasting   | 3 4 |  4.0
Invocations    | 4 6 8 |  8.0
Bows           | 4 7 9 |  9.1
Short Blades   | |  0.8
Throwing       | |  0.7
Dodging        | |  1.5
Stealth        | |  3.0
Evocations     | |  0.5

Action                   |  1- 3 |  4- 6 |  7- 9 | 10-12 || total
-------------------------+-------+-------+-------+-------++-------
Melee: Short sword       |    64 |     5 |       |       ||    69
 Fire: Hunting sling     |       |   121 |   261 |       ||   382
       Shortbow          |       |       |   201 |   608 ||   809
Throw: Stone             |     2 |       |       |       ||     2
 Cast: Sting             |    19 |     5 |     2 |       ||    26
       Poisonous Vapours |    23 |    45 |    71 |    72 ||   211
       Mephitic Cloud    |     1 |     5 |    19 |    21 ||    46
       Blink             |       |       |     4 |     6 ||    10
       Olgreb's Toxic Ra |       |       |       |     5 ||     5
       Venom Bolt        |       |       |       |     3 ||     3
Invok: Slouch            |       |       |       |     2 ||     2
 Abil: Spit Poison       |     8 |     3 |     7 |     2 ||    20
Evoke: Wand              |       |       |    13 |     1 ||    14
  Use: Scroll            |       |       |    15 |    13 ||    28
       Potion            |       |       |       |     7 ||     7
  Eat: Chunk             |     1 |     9 |    13 |     2 ||    25
       Ration            |     1 |       |       |     4 ||     5
Armor: Robe              |    12 |    49 |   217 |    54 ||   332
       Leather armour    |       |       |       |    94 ||    94
Dodge: Dodged            |    41 |    59 |   215 |   173 ||   488
Block: Other             |       |       |    75 |    79 ||   154
       Reflection        |       |       |     3 |     2 ||     5
